 Seeded DCSS version 0.28.0-53-g5a82cb258f (webtiles) character file.

Game seed: 13682393647890483996 (custom seed)

2 bwicke the Sneak (level 1, -1/10 HPs)
             Began as a Kobold Enchanter on July 8, 2022.
             Killed from afar by a dart slug (3 damage)
             ... with a slug dart
             ... on level 1 of the Dungeon.
             The game lasted 00:00:52 (109 turns).

bwicke the Sneak (Kobold Enchanter)                  Turns: 109, Time: 00:00:52

Health: -1/10      AC:  2    Str:  5    XL:     1   Next: 44%
Magic:  3/3        EV: 15    Int: 16    God:
Gold:   0          SH:  0    Dex: 15    Spells: 4/4 levels left

rFire   . . .      SeeInvis .   a - +1 dagger
rCold   . . .      Faith    .   (no shield)
rNeg    . . .      Spirit   .   b - +0 robe
rPois   .          Reflect  .   (no helmet)
rElec   .          Harm     .   (no cloak)
rCorr   .          Rampage  .   (no gloves)
Will    .....                   (no boots)
Stlth   ++++......              f - amulet of the acrobat
HPRegen 0.03/turn               (no ring)
MPRegen 0.08/turn               (no ring)

@: no status effects
A: small, no large weapons, nightstalker 3
a: no special abilities


You were on level 1 of the Dungeon.
You visited 1 branch of the dungeon, and saw 1 of its levels.

Inventory:

Hand Weapons
 a - a +1 dagger (weapon)
Missiles
 d - a poisoned dart (quivered)
Armour
 b - a +0 robe (worn)
Jewellery
 f - an amulet of the acrobat (around neck)
Scrolls
 e - a scroll of magic mapping {unknown}
Potions
 c - a potion of invisibility
 g - a potion of brilliance {unknown}


   Skills:
 - Level 1.3 Short Blades
 - Level 2.4 Dodging
 - Level 4.0 Stealth
 - Level 2.1 Spellcasting
 + Level 3.2 Hexes


You had 4 spell levels left.
You didn't know any spells.
Your spell library contained the following spells:

 Spells                   Type           Power      Damage    Failure   Level
 Ensorcelled Hibernation  Hex/Ice        12%        N/A       16%         2
 Confusing Touch          Hex            12%        N/A       16%         3
 Tukima's Dance           Hex            12%        N/A       16%         3
 Dazzling Flash           Conj/Hex       12%        N/A       32%         3


Dungeon Overview and Level Annotations

Branches:
Dungeon (1/15)

Altars:


Innate Abilities, Weirdness & Mutations

You are small and have problems with some larger weapons.
You are completely attuned to the shadows.


Message History

f - an amulet of the acrobat You start putting on your amulet.
You continue putting on your amulet of the acrobat. x5
You finish putting on your amulet of the acrobat.
You feel ready to tumble and roll out of harm's way.
f - an amulet of the acrobat (around neck)
g - a metallic brown potion You open the door.
A dart slug comes into view.
The dart slug launches a dart at you. The slug dart hits you.
Ouch! That really hurt!
There is an open door here.
The dart slug closely misses you.
You hit the dart slug but do no damage.
Throw: 3 darts (poison)
Press: ? - help, Q - select action Shift-Dir - straight line, f - dart slug
Aim: a dart slug (93% to hit)
You throw a poisoned dart. The poisoned dart hits the dart slug.
The dart slug launches a dart at you. The slug dart misses you.
You hit the dart slug.
The dart slug is lightly wounded.
The dart slug launches a dart at you. The slug dart misses you.
You hit the dart slug but do no damage.
The dart slug is lightly wounded.
You hit the dart slug.
The dart slug is moderately wounded.
The dart slug bites you.
* * * LOW HITPOINT WARNING * * *
Throw: 2 darts (poison)
Press: ? - help, Q - select action Shift-Dir - straight line, f/p - dart slug
Aim: a dart slug (moderately wounded, 93% to hit)
You throw a poisoned dart. The poisoned dart hits the dart slug.
The dart slug is poisoned.
The dart slug is moderately wounded.
The dart slug launches a dart at you. The slug dart hits you.
You die...

######.########.
#............
#.##.........
#.##.........
#.##.........
#.##.######.. #.##..#
#.. ###### #.###.#
#..
...w@####.###.#####.#
.....'...............
.....####.###..####.#
.....# #.# ##.## #.#
.....# #.# #..# # #
#### #+# ##.# #.#
#.###># #..##..
##.#...


You could see a dart slug (poisoned).

Vanquished Creatures
  A giant cockroach (D:1)
  A goblin (D:1)
2 creatures vanquished.

Notes
Turn   | Place    | Note
-------+----------+-------------------------------------------
     0 | D:1      | bwicke the Kobold Enchanter began the quest for the Orb.
     0 | D:1      | Reached XP level 1. HP: 10/10 MP: 3/3
   109 | D:1      | Killed from afar by a dart slug

Illustrated notes

Levels and vault maps discovered:
D:1:      amcnicky_arrival_feature_with_door, layout_basic,
          ebering_ecumenical_altar_rust

Action                   || total
-------------------------++-------
Melee: Dagger            ||     6
Throw: Dart              ||     3
 Stab: Sleeping          ||     1
Dodge: Dodged            ||     4
